 Dungeon Crawl Stone Soup version 0.18-a0-1789-gbeff17f (webtiles) character file.

91 Zhenya25pyc the Covered (level 4, -5/29 HPs)
             Began as a Gargoyle Fighter on Apr 22, 2016.
             Slain by an ogre
             ... wielding a +0 giant club
              (9 damage)
             ... on level 4 of the Dungeon.
             The game lasted 00:02:38 (2047 turns).

Zhenya25pyc the Covered (Gargoyle Fighter)          Turns: 2047, Time: 00:02:39

Health: -5/29      AC: 11    Str: 20    XL:     4   Next: 59%
Magic:  4/4        EV:  7    Int:  9    God:
Gold:   169        SH:  9    Dex:  9    Spells: 0 memorised, 3 levels left

rFire  . . .     SeeInvis +     a - +0 flail
rCold  . . .     Gourm    .     b - +0 scale mail
rNeg   + . .     Faith    .     c - +0 shield
rPois  ∞         Spirit   .     (no helmet)
rElec  +         Dismiss  .     (no cloak)
rCorr  .         Reflect  .     q - +0 pair of gloves
SustAt .         Harm     .     (no boots)
MR     .....                    (no amulet)
Stlth  ..........               (no ring)
                                i - ring of see invisible

@: not resistant to hostile enchantments, extremely unstealthy
A: negative energy resistance 1, electricity resistance, unbreathing,
petrification resistance, rot immunity, AC +3
a: no special abilities


You were on level 4 of the Dungeon.
You were not hungry.

You visited 1 branch of the dungeon, and saw 4 of its levels.

You collected 169 gold pieces.

Inventory:

Hand Weapons
 a - a +0 flail (weapon)
Armour
 b - a +0 scale mail (worn)
 c - a +0 shield (worn)
 q - a +0 pair of gloves (worn)
Jewellery
 i - a ring of see invisible (left hand)
Scrolls
 e - 2 scrolls of noise {unknown}
 g - a scroll of remove curse {unknown}
 h - a scroll of amnesia {unknown}
 l - 2 scrolls of blinking {unknown}
 m - 3 scrolls of teleportation {unknown}
 o - 2 scrolls of enchant armour {unknown}
 s - a scroll of enchant weapon {unknown}
 v - a scroll of magic mapping {unknown}
Potions
 d - a potion of might
 j - 6 potions of curing {unknown}
 k - a potion of cancellation {unknown}
 n - a potion of brilliance {unknown}
 p - 2 potions of flight {unknown}
 t - a potion of invisibility {unknown}
 u - a potion of magic {unknown}
 w - a potion of resistance {unknown}
Comestibles
 f - a bread ration
 r - a royal jelly
 x - a beef jerky
 z - 3 chunks of flesh


   Skills:
 + Level 4.1 Fighting
 * Level 3.4 Maces & Flails
 + Level 4.1 Armour
 - Level 3.2 Shields


You had 3 spell levels left.
You didn't know any spells.

Dungeon Overview and Level Annotations

Branches:
Dungeon (4/15)
 Temple: D:4-7

Altars:
Ru
Sif Muna


Innate Abilities, Weirdness & Mutations

You are resistant to torment.
Your stone body is resilient (AC +3).
You are immune to poison.
You resist negative energy.
You are resistant to electric shocks.
You can survive without breathing.
You are immune to petrification.
You are immune to rotting.


Message History

You are too injured to fight recklessly!
You are too injured to fight recklessly!
You are too injured to fight recklessly!
You are too injured to fight recklessly!
You are too injured to fight recklessly!
You are too injured to fight recklessly!
You are too injured to fight recklessly!
You sock the ogre!
The ogre is moderately wounded.
The hound bites you but does no damage.
The hound pauses to sniff the ground.
The hound bites you but does no damage. You block the ogre's attack.
You sock the ogre!
The ogre is severely wounded.
You block the hound's attack. The hound barely misses you.
You block the ogre's attack.
You hit the ogre.
The ogre is almost dead.
The hound barely misses you. x2; The ogre hits you with a giant club!
You die...

#......# #......#
#......# #......#
#......# #......#
#..hO..# #...@..#
#......# #..$...#
#......#
#......###########
#................#
#............<...#
#....!...........#
#................#


You could see an ogre and a hound.

Vanquished Creatures
  3 gnolls (D:2)
  An adder (D:3)
  An ooze (D:2)
  A worm (D:3)
  A dart slug (D:2)
  A giant gecko (D:2)
  A ball python (D:1)
  4 goblins
  9 hobgoblins
  4 jackals (D:4)
  8 bats
  3 giant newts
  3 kobolds
  3 rats
43 creatures vanquished.

Notes
Turn   | Place    | Note
--------------------------------------------------------------
     0 | D:1      | Zhenya25pyc the Gargoyle Fighter began the quest for the Orb.
     0 | D:1      | Reached XP level 1. HP: 14/14 MP: 1/1
   329 | D:1      | Reached XP level 2. HP: 19/19 MP: 2/2
   657 | D:2      | Reached XP level 3. HP: 21/23 MP: 3/3
   899 | D:2      | Reached XP level 4. HP: 5/29 MP: 4/4
  1263 | D:2      | Found a deep blue altar of Sif Muna.
  1266 | D:2      | Found a sacrificial altar of Ru.
  2039 | D:4      | Noticed an ogre
  2047 | D:4      | Slain by an ogre

Vault maps used:
D:1:      eino_arrival_cavern_e
D:2:      minitemple
D:4:      yredelemnul_forgotten_temple_becter, serial_shops, kennysheep_mini,
          st_stairs_7, nemelex_deck

Skill      XL: |  1  2  3  4 |
---------------+-------------+-----
Maces & Flails | 3 |  3.4
Armour         | 4 |  4.1
Fighting       | 4 |  4.1
Shields        | |  3.2

Action                   |  1- 3 |  4- 6 || total
-------------------------+-------+-------++-------
Melee: Flail             |   101 |    69 ||   170
  Eat: Chunk             |       |     4 ||     4
Armor: Scale mail        |    65 |    53 ||   118
Dodge: Dodged            |    32 |    43 ||    75
Block: Shield            |    65 |    44 ||   109
